 Dungeon Crawl Stone Soup version 0.15-a0-1729-g99b9770 (webtiles) character file.

344 Impoz the Ducker (level 6, -1/34 HPs)
             Began as a Deep Elf Arcane Marksman on June 27, 2014.
             Was an Initiate of Gozag.
             Slain by an orc
             ... wielding a +0 mace
              (8 damage)
             ... on Level 4 of the Dungeon.
             The game lasted 00:21:50 (3508 turns).

Impoz the Ducker (Deep Elf Arcane Marksman)         Turns: 3508, Time: 00:21:50

HP  -1/34        AC  2     Str  8      XL: 6   Next: 31%
MP  21/21        EV 19     Int 18      God: Gozag
Gold 93          SH  0     Dex 16      Spells:  3 memorised,  8 levels left

rFire  + . .     SeeInvis .     b - +0 shortbow
rCold  . . .     Clarity  .     a - +0 robe
rNeg   . . .     rCorr    .     (no shield)
rPois  .         rRot     .     (no helmet)
rElec  .         Spirit   .     (no cloak)
SustAb .         Warding  .     (no gloves)
rMut   .         Stasis   .     (no boots)
Gourm  .                        (no amulet)
MR     .....                    l - cursed +4 ring of evasion
                                k - ring of protection from fire

@: not resistant to hostile enchantments, very unstealthy
A: no striking features
a: Potion Petition, Call Merchant, Bribe Branch, Renounce Religion


You were on level 4 of the Dungeon.
You worshipped Gozag.
Gozag was noncommittal.
You were near starving.

You visited 1 branch of the dungeon, and saw 4 of its levels.

You collected 169 gold pieces.
You paid 76 gold pieces to Gozag.

Inventory:

Hand weapons
 b - a +0 shortbow (weapon)
Missiles
 c - 18 arrows (quivered)
Armour
 a - a +0 robe (worn)
Comestibles
 f - 2 bread rations
 i - a royal jelly
 u - a beef jerky
 w - a meat ration
Scrolls
 g - 2 scrolls of random uselessness {unknown}
 h - a scroll of enchant weapon {unknown}
 j - a scroll of teleportation {unknown}
 m - 2 scrolls of recharging {unknown}
 n - 2 scrolls of remove curse {unknown}
 o - 2 scrolls of noise {unknown}
 p - 3 scrolls of identify {unknown}
 q - a scroll of fear {unknown}
Jewellery
 k - a ring of protection from fire (left hand)
 l - a cursed +4 ring of evasion (right hand)
 x - an uncursed ring of flight
Potions
 e - a potion of lignification {unknown}
 r - a potion of curing
 s - a potion of restore abilities {unknown}
 t - a potion of mutation {unknown}
 v - a potion of confusion {unknown}
 z - a potion of haste {unknown}
 A - a potion of degeneration {unknown}
Books
 d - a book of Debilitation

   Spells                             Type                      Level
   *Corona                            Hexes                        1
   *Slow                              Hexes                        2
   Inner Flame                        Hexes/Fire                   3
   Enslavement                        Hexes                        4
   *Cause Fear                        Hexes                        4
   Leda's Liquefaction                Hexes/Earth                  4


   Skills:
 - Level 1.0 Fighting
 + Level 4.5 Bows
 + Level 5.0 Dodging
 - Level 5.0 Spellcasting
 - Level 4.0 Hexes


You had 8 spell levels left.
You knew the following spells:

 Your Spells              Type           Power        Failure   Level  Hunger
a - Corona                Hex            ###....      2%          1    None
b - Slow                  Hex            ###.....     4%          2    #......
c - Cause Fear            Hex            ###.......   28%         4    ####...


Dungeon Overview and Level Annotations

Branches:
Dungeon (4/15)
 Temple: D:4-7

Altars:
Fedhas
Gozag


Message History

You shoot an arrow.
The arrow hits the orc priest but does no damage.
The orc priest is almost dead.
The orc priest hits you with a hand axe.
Firing (i - inventory):
c - 20 arrows (quivered)
Press: ? - help, Shift-Dir - straight line, f/p - orc priest
Aim: an orc priest, wielding a hand axe and wearing a scale mail (almost dead)
You shoot an arrow.
The arrow hits the orc priest but does no damage.
The orc priest is almost dead.
The orc hits you with a mace.
* * * LOW HITPOINT WARNING * * *
The orc priest misses you.
Firing (i - inventory):
c - 19 arrows (quivered)
Press: ? - help, Shift-Dir - straight line, f/p - orc priest
Aim: an orc priest, wielding a hand axe and wearing a scale mail (almost dead)
You shoot an arrow. The arrow barely misses the orc priest.
The orc hits you with a mace!
You die...
Your body crumbles into a pile of gold.

#...>...... ### ###
#..........
#.####.######..(.......
#.........##...########
##..###.......## ####
#.......# #.......#
##.......# ##@..##...#
#.oo####... #..$.##
####. #..(.# # #...(.
#.#..(. ####.... #....#
#(..(


You could see an orc priest and an orc.

Vanquished Creatures
  Sigmund (D:2)
  The ghost of Schneiderlin the Slasher, a weakling HaFi (D:4)
  The ghost of lennard the Chiller, a weakling DEIE (D:3)
  An orc wizard (D:3)
  Ijyb (D:2)
  Terence (D:2)
  5 adders
  2 worms (D:3)
  3 giant geckos
  An ooze (D:1)
  8 orcs
  2 ball pythons (D:1)
  4 giant cockroaches
  5 goblins
  7 hobgoblins
  5 jackals
  8 bats
  2 giant newts (D:1)
  5 kobolds
  3 quokkas
  5 rats
71 creatures vanquished.

Notes
Turn   | Place    | Note
--------------------------------------------------------------
     0 | D:1      | Impoz, the Deep Elf Arcane Marksman, began the quest for the Orb.
     0 | D:1      | Reached XP level 1. HP: 11/11 MP: 3/3
    64 | D:1      | Reached skill level 1 in Fighting
   178 | D:1      | Reached XP level 2. HP: 16/16 MP: 4/6
   196 | D:1      | Learned a level 2 spell: Slow
   657 | D:2      | Found an opulent altar of Gozag.
   657 | D:2      | Noticed Terence
   800 | D:2      | Reached XP level 3. HP: 20/20 MP: 9/9
   867 | D:2      | Noticed Ijyb
   876 | D:2      | Killed Ijyb
   956 | D:2      | Reached XP level 4. HP: 13/25 MP: 7/13
   966 | D:2      | Noticed Sigmund
   970 | D:2      | HP: 1/25 [Sigmund/puff of flame (4)]
  1349 | D:2      | Killed Sigmund
  1349 | D:2      | Reached XP level 5. HP: 25/29 MP: 12/17
  1597 | D:2      | Killed Terence
  2105 | D:2      | Became a worshipper of Gozag Ym Sagoz the Greedy
  2268 | D:3      | Found a blossoming altar of Fedhas.
  2635 | D:3      | Noticed lennard's ghost (weakling DEIE)
  2651 | D:3      | Killed lennard's ghost
  2651 | D:3      | Reached XP level 6. HP: 15/34 MP: 18/20
  3286 | D:4      | Noticed Schneiderlin's ghost (weakling HaFi)
  3318 | D:4      | Killed Schneiderlin's ghost
  3318 | D:4      | Reached skill level 5 in Dodging
  3318 | D:4      | Reached skill level 5 in Spellcasting
  3374 | D:4      | Learned a level 4 spell: Cause Fear
  3508 | D:4      | Slain by an orc

Action                   |  1- 3 |  4- 6 || total
-------------------------+-------+-------++-------
 Fire: Shortbow          |    78 |   230 ||   308
 Cast: Corona            |    10 |    15 ||    25
       Slow              |     5 |    13 ||    18
  Use: Potion            |       |     2 ||     2
